 Dungeon Crawl Stone Soup version 0.28.0-43-g3370ac3207 (console) character file.

Game seed: 8255913599631228949

51 toffzen the Skirmisher (level 3, -13/29 HPs)
             Began as a Mummy Berserker on Mar 8, 2022.
             Was a Believer of Trog.
             Killed from afar by Sigmund (18 damage)
             ... with a puff of flame
             ... on level 2 of the Dungeon on Mar 14, 2022.
             The game lasted 00:03:10 (1327 turns).

toffzen the Skirmisher (Mummy Berserker)            Turns: 1327, Time: 00:03:11

Health: -13/29     AC:  2    Str: 22    XL:     3   Next: 57%
Magic:  3/3        EV: 12    Int:  6    God:    Trog [**....]
Gold:   79         SH:  0    Dex: 11    Spells: 2/2 levels left

rFire   x . .      SeeInvis .   a - +0 mace
rCold   + . .      Faith    .   (no shield)
rNeg    + + +      Spirit   .   f - +0 animal skin
rPois   ∞          Reflect  .   (no helmet)
rElec   .          Harm     .   (no cloak)
rCorr   .          Rampage  .   (no gloves)
Will    ++...                   (no boots)
Stlth   +.........              (no amulet)
HPRegen 1.09/turn               (no ring)
MPRegen 0.08/turn               (no ring)

@: strong-willed (expiring), regenerating (expiring)
A: cold resistance 1, negative energy resistance 3, torment resistance 2, heat
vulnerability 1, no potions
a: Renounce Religion, Trog's Hand


You were on level 2 of the Dungeon.
You worshipped Trog.
Trog was pleased with you.
You visited 1 branch of the dungeon, and saw 2 of its levels.

You collected 79 gold pieces.

Inventory:

Hand Weapons
 a - a +0 mace (weapon)
 b - a +0 hunting sling
Missiles
 c - 18 arrows
 e - 45 stones (quivered)
Armour
 f - a +0 animal skin (worn)
Scrolls
 d - a scroll of vulnerability {unknown}
 g - a scroll of fog {unknown}
 h - a scroll of immolation {unknown}


   Skills:
 + Level 3.3 Fighting
 + Level 3.1 Maces & Flails
 + Level 1.7 Armour
 + Level 1.9 Dodging
 + Level 0.7 Stealth


You had 2 spell levels left.
You didn't know any spells.
Your spell library was empty.

Dungeon Overview and Level Annotations

Branches:
Dungeon (2/15)

Altars:
Ru

Shops:
D:1 :

Annotations:
D:2 Sigmund


Innate Abilities, Weirdness & Mutations

You are immune to poison.
Your flesh is cold resistant. (rC+)
You are immune to negative energy. (rN+++)
You are immune to unholy pain and torment.
You are vulnerable to heat. (rF-)
You do not drink.


Message History

You kill the frilled lizard!
Trog accepts your kill.
No target in view!
a - a +0 mace (weapon)
b - a +0 hunting sling (weapon)
e - 45 stones (gained 1)
Found a stone staircase leading down.
Sigmund the Dreaded comes into view.
He is wielding a +0 scythe.
Sigmund shouts!
Sigmund gestures wildly while chanting.
Sigmund flickers and vanishes!
Deactivating autopickup; reactivate with Ctrl-A.
a - a +0 mace (weapon)
Something barely misses you.
You miss something. Something hits you.
You barely miss something.
You hear some strange, mumbled words.
A puff of flame appears from out of thin air!
The puff of flame hits you. The fire burns you terribly!
You miss something. You punch something. Something hits you.
You barely miss something. Something hits you but does no damage.
You miss something. Something hits you!
Your skin crawls.
You feel strong-willed.
You hit something. Something completely misses you.
You closely miss something. Something barely misses you.
You miss something. Something hits you.
You hit something. Something hits you.
You hit something.
You feel the effects of Trog's Hand fading.
Something hits you.
You barely miss something. You barely miss something. Something hits you!
* * * LOW HITPOINT WARNING * * *
You hit something but do no damage.
You hear some strange, mumbled words.
A puff of flame appears from out of thin air!
The puff of flame hits you!! The fire burns you terribly!
Ouch! That really hurt!
You die...

###...##
#......#
#.##.#.#
#.##.#.#
#.##...#
#.###..#
#.###..#
#.####..>...#
#..{@.....##
#.##########


There were no monsters in sight!

Vanquished Creatures
  2 adders (D:2)
  A worm (D:2)
  A ball python (D:1)
  2 bats
  5 endoplasms
  2 giant cockroaches (D:1)
  5 hobgoblins (D:2)
  A kobold (D:1)
  A quokka (D:1)
  4 frilled lizards
  2 goblins
  2 rats (D:1)
28 creatures vanquished.

Notes
Turn   | Place    | Note
-------+----------+-------------------------------------------
     0 | D:1      | toffzen the Mummy Berserker began the quest for the Orb.
     0 | D:1      | Reached XP level 1. HP: 18/18 MP: 1/1
   199 | D:1      | Reached XP level 2. HP: 24/24 MP: 2/2
   485 | D:1      | Found Ymimp's Book Shoppe.
   822 | D:2      | Reached XP level 3. HP: 21/29 MP: 3/3
  1219 | D:2      | Reached ** piety under Trog
  1250 | D:2      | Found a sacrificial altar of Ru.
  1311 | D:2      | Noticed Sigmund
  1327 | D:2      | Killed from afar by Sigmund

Illustrated notes

Levels and vault maps discovered:
D:1:      dpeg_arrival_tiny_a, layout_basic, serial_shops,
          nicolae_shop_hallway_stairs, minmay_misc_feat_four_crosses
D:2:      layout_loops_cross, basic_altar, uniq_sigmund

Skill      XL: |  1  2  3 |
---------------+----------+-----
Maces & Flails | 3 |  3.1
Fighting       | |  3.3
Armour         | |  1.7
Dodging        | |  1.9
Stealth        | |  0.7

Action                   || total
-------------------------++-------
Melee: Mace              ||    85
       Punch             ||     1
 Fire: Hunting sling     ||    13
Invok: Trog's Hand       ||     1
Armor: Animal skin       ||    12
Dodge: Dodged            ||    52
